 Dungeon Crawl Stone Soup version 0.30-a0-728-gc68057be0a (webtiles) character file.

Game seed: 12929734732193008473

45 MackTheKnife the Poker (level 4, -7/36 HPs)
             Began as a Meteoran Wanderer on Jan 30, 2023.
             Engulfed by a cloud of flame (14 damage)
             ... on level 3 of the Dungeon.
             The game lasted 00:02:36 (1564 turns).

MackTheKnife the Poker (Meteoran Wanderer)          Turns: 1564, Time: 00:02:36

Health: -7/36      AC:  6    Str: 13    XL:     4   Next: 12%
Magic:  9/9        EV: 10    Int: 14    God:
Gold:   93         SH:  0    Dex: 15    Spells: 7/8 levels left

rFire   . . .      SeeInvis .    a - +0 trident {polearm}
rCold   . . .      Faith    .    (no shield)
rNeg    . . .      Spirit   .    h - +0 ring mail
rPois   .          Reflect  .    (no helmet)
rElec   .          Harm     .    (no cloak)
rCorr   .          Rampage  .    j - +0 pair of gloves
Will    .....                    (no boots)
Stlth   +                        (no amulet)
HPRegen 0.26/turn                (no ring)
MPRegen 0.11/turn                (no ring)

@: glowing
A: sense surroundings 1, otherworldly, glowing, explore regen
a: no special abilities


You were on level 3 of the Dungeon.
You visited 1 branch of the dungeon, and saw 3 of its levels.

You collected 93 gold pieces.


Innate Abilities, Weirdness & Mutations

You passively map a small area around you.
You are easily found by Zot.
You glow in the dark.
You regain HP and MP as you explore.


   Skills:
 + Level 2.3 Fighting
 + Level 4.6 Polearms
 - Level 2.4 Throwing
 - Level 1.2 Armour
 - Level 2.6 Spellcasting
 - Level 2.4 Poison Magic


You had 7 spell levels left.
You knew the following spells:

 Your Spells              Type           Power      Damage    Failure   Level
a - Sting                 Tmut/Pois      20%        1d4       28%         1

Your spell library contained the following spells:

 Spells                   Type           Power      Damage    Failure   Level
 Spider Form              Tmut/Pois      5%         N/A       65%         3

Inventory:

Hand Weapons
 a - a +0 trident (weapon) {polearm}
 c - a +0 dagger {short}
 f - a +0 dagger of flaming {short}
   (You took it off a goblin on level 1 of the Dungeon)
 r - a +0 flail of distortion {!wmace}
   (You found it on level 3 of the Dungeon)
Missiles
 b - 8 poisoned darts (quivered) {throwing}
Armour
 e - a +0 robe
 h - a +0 ring mail (worn)
   (You found it on level 1 of the Dungeon)
 j - a +0 pair of gloves (worn)
   (You found it on level 1 of the Dungeon)
Scrolls
 d - 2 scrolls of silence {!r}
 i - a scroll of fear {unknown}
 k - a scroll of identify {unknown}
 p - a scroll of blinking {unknown}
 q - a scroll of vulnerability {unknown}
Potions
 g - 2 potions of brilliance {unknown}
 l - a potion of curing {unknown}
 m - a potion of might {unknown}
 n - a potion of mutation {unknown}
 o - a potion of degeneration {unknown}

Dungeon Overview and Level Annotations

Branches:
Dungeon (3/15) Zot: 227

Altars:
Cheibriados
Zin

##########
##........######
#...#####......###
#○☼§# ######....
#§§☼# ##.## #@§§#
#.# * #...#
#######.## *
§../....§ ..........
☼.!!..§§..######.##
*
,§§.....§..........#
####...#############
#§§.# #.§.# #§§§#


There were no monsters in sight!


Message History

Key pressed, stopping explore.
A bat comes into view.
You see here a +0 dagger {short}.
You reach to attack!
You barely miss the bat. The bat hits you but does no damage.
The bat barely misses you.
You hit the bat. The bat hits you but does no damage. x2
You barely miss the bat. The bat hits you but does no damage.
The bat hits you. 😕 HP[-1]
You take 1 damage, and now have 28/29 hp.
You hit the bat.
You kill the bat! 😎 HP[+1]
Your hp is fully restored (29).
No target in view!
No target in view!
Key pressed, stopping explore.
Key pressed, stopping explore.
Unknown command.
Found a stone staircase leading up.
A kobold comes into view. It is wielding a +0 whip.
The kobold shouts!
Unknown command.
Found a stone staircase leading down.
You puncture the kobold!
You kill the kobold!
You have reached level 4! 😎 HP[+7] MP[+1]
You now have 36 max hp (+7).
Your hp is fully restored (36).
Your mp is fully restored (9).
p - a scroll labelled VEUL COEKEZOYT You see here a +0 whip {mace}.
You now have 93 gold pieces (gained 11).
Key pressed, stopping explore.
Unknown command.
A giant cockroach comes into view.
You open the door.
Found a faded altar of an unknown god.
You reach to attack!
You closely miss the giant cockroach. You barely miss the giant cockroach.
The giant cockroach bites you but does no damage. x2
You barely miss the giant cockroach.
The giant cockroach bites you but does no damage.
You puncture the giant cockroach!
You kill the giant cockroach!
No target in view!
No target in view!
You see here a giant cockroach corpse.
q - a scroll labelled TEVOYWK BULO
There is an open door here.
Found a snail-covered altar of Cheibriados.
Found a stone staircase leading down.
There is a faded altar of an unknown god here.
This altar belongs to (a) Nemelex Xobeh, (b) Gozag or (c) Dithmenos, but you can't tell which.
Press the corresponding letter to learn more about a god, or press enter to convert or escape to cancel.
Okay, then.
Sorry, I don't know how to get there.
There is an open door here.
Key pressed, stopping explore.
Key pressed, stopping explore.
Unknown command.
You see here a +0 dagger {short}.
A hobgoblin comes into view. It is wielding a +0 club.
The hobgoblin shouts!
Unknown command.
A hobgoblin is nearby!
A hobgoblin is nearby!
You reach to attack!
You puncture the hobgoblin!
You kill the hobgoblin!
No target in view!
No target in view!
A ball python comes into view.
The ball python hisses angrily.
A goblin comes into view. It is wielding a +0 dagger.
There are monsters nearby!
The goblin shouts!
You puncture the ball python!
You kill the ball python!
You puncture the goblin!
You kill the goblin!
No target in view!
No target in view!
You see here 7 stones {throwing}.
Key pressed, stopping explore.
Unknown command.
Really walk into a travel-excluded area?
r - a +0 flail of distortion {!wmace} Unknown command.
Really walk into that cloud of flame?
You are engulfed in blazing flames.
Ouch! That really hurt!
* * * LOW HITPOINT WARNING * * *
😨 HP[-19]
You take 19 damage, and now have 17/36 hp.
MASSIVE DAMAGE!! (PAUSE)
You are engulfed in blazing flames.
* * * LOW HITPOINT WARNING * * *
😱 HP[-10]
You take 10 damage, and now have 7/36 hp.
MASSIVE DAMAGE!! (PAUSE)
You are engulfed in blazing flames.
You die...

Skill      XL: |  1  2  3 |
---------------+----------+-----
Fighting       | 1 2 |  2.3
Polearms       | 4 |  4.6
Throwing       | |  2.4
Armour         | |  1.2
Spellcasting   | |  2.6
Poison Magic   | |  2.4

Action                     |  1- 3 |  4- 6 || total
---------------------------+-------+-------++-------
  Melee: Trident           |    86 |     7 ||    93
 Armour: Robe              |     6 |       ||     6
         Ring mail         |    24 |     3 ||    27
  Dodge: Dodged            |    28 |       ||    28

Levels and vault maps discovered:
D:1:      dpeg_arrival_tiny_a, layout_loops_ring
D:2:      kennysheep_big_flooded_room, layout_loops_ring,
          grunt_decor_mini_mirrors
D:3:      layout_loops_ring, nicolae_overflow_ecumenical_swirl,
          mainiacjoe_overflow_paths, minmay_misc_feat_rugged, st_stairs_14,
          lemuel_flame_loot_1

Notes
Turn   | Place    | Note
-------+----------+-------------------------------------------
     0 | D:1      | MackTheKnife the Meteoran Wanderer began the quest for the
                  | Orb.
     0 | D:1      | MackTheKnife set off with the following items: a +0 trident
                  | {polearm}, 8 poisoned darts {throwing}, a +0 dagger
                  | {short}, a scroll of silence {!r}, a +0 robe; and the
                  | following spell memorised: Sting; and the following spells
                  | available to memorise: Spider Form.
     0 | D:1      | Reached XP level 1. HP: 14/14 MP: 5/5
     0 | D:1      | magus.rc [v1.9.6]
   135 | D:1      | Reached XP level 2. HP: 22/22 MP: 6/6
   146 | D:1      | Reached skill level 1 in Fighting
   150 | D:1      | Reached skill level 4 in Polearms
   404 | D:1      | Reached XP level 3. HP: 26/28 MP: 8/8
   495 | D:1      | Glimpsed the power of Zot.
   583 | D:2      | Reached skill level 2 in Fighting
  1092 | D:2      | Glimpsed the power of Zot.
  1118 | D:3      | Found a glowing silver altar of Zin.
  1284 | D:3      | Reached XP level 4. HP: 36/36 MP: 9/9
  1410 | D:3      | Found a faded altar of an unknown god.
  1429 | D:3      | Found a snail-covered altar of Cheibriados.
  1563 | D:3      | HP: 7/36 [something (11)]
  1564 | D:3      | Engulfed by a cloud of flame

Vanquished Creatures
  4 dart slugs
  3 ball pythons
  2 endoplasms (D:2)
  4 giant cockroaches
  3 hobgoblins
  3 kobolds
  A quokka (D:1)
  4 bats
  2 frilled lizards
  6 goblins
  2 rats
34 creatures vanquished.

Table legend:
 A = Non-vault XP
 B = Vault XP
 C = Vault XP percentage of total XP
 D = Non-vault monster count
 E = Vault monster count
 F = Vault count percentage of total count
                 A         B        C        D         E       F
            +---------+---------+-------+---------+---------+-------
      Total |      58 |       7 |  10.8 |      31 |       3 |   8.8
            +---------+---------+-------+---------+---------+-------
        D:1 |      30 |       0 |   0.0 |      15 |       0 |   0.0
        D:2 |      19 |       5 |  20.8 |      10 |       2 |  16.7
        D:3 |       9 |       2 |  18.2 |       6 |       1 |  14.3
            +---------+---------+-------+---------+---------+-------

Illustrated notes

Table legend:
 A = Kills in this place as a percentage of kills in entire the game.
 B = Kills by you in this place as a percentage of kills by you in the entire game.
 C = Kills by friends in this place as a percentage of kills by friends in the entire game.
 D = Other kills in this place as a percentage of other kills in the entire game.
 E = Experience gained in this place as a percentage of experience gained in the entire game.
 F = Experience gained in this place divided by the number of levels of this place that you have seen.
                   A       B       C       D       E      F
               +-------+-------+-------+-------+-------+----------------------
         Total | 100.0 | 100.0 |   N/A |   N/A | 100.0 |  21.7
       Dungeon | 100.0 | 100.0 |   N/A |   N/A | 100.0 |  21.7
               +-------+-------+-------+-------+-------+----------------------

Table legend: (Time is in decaauts)
 A = Elapsed time spent in this place.
 B = Non-inter-level travel time spent in this place.
 C = Inter-level travel time spent in this place.
 D = Time resting spent in this place.
 E = Time spent auto-exploring this place.
 F = Levels seen in this place.
 G = Mean time per level.
                   A        B        C        D        E       F      G
               +--------+--------+--------+--------+--------+-----+--------+
         Total |   1572 |   1494 |     78 |     23 |   1084 |   3 |  524.0 |
       Dungeon |   1572 |   1494 |     78 |     23 |   1084 |   3 |  524.0 |
               +--------+--------+--------+--------+--------+-----+--------+

Top non-repeatable levels by time:
     D:2: 581 daAuts
     D:1: 526 daAuts
     D:3: 463 daAuts
